[Event "RUDAR 2 IM 2022"]
[Site "Pozarevac"]
[Date "2022.04.08"]
[Round "8.3"]
[White "Andreev, Konstantin"]
[Black "Dudukovic, Nikola"]
[Result "1-0"]
[ECO "C54"]
[WhiteElo "2238"]
[BlackElo "2362"]
[Annotator "TA"]
[PlyCount "85"]
[EventDate "2022.03.27"]
[EventType "tourn"]
[EventCountry "SRB"]
[SourceTitle "playchess.com"]
[Source "ChessBase"]
[SourceQuality "1"]
[TimeControl "40/5400+30:900+30"]

1. e4 e5 2. Nf3 Nc6 3. Bc4 Nf6 4. d3 Bc5 5. O-O d6 6. c3 a6 7. Bb3 Ba7 8. Nbd2 h6 9. Nc4 O-O 10. h3 {[%emt 0:01:45] C54: Giuoco Piano: 4 c3 Nf6, main lines with 5 d4 and 5 d3.} Ne7 11. Ne3 Ng6 12. Re1 {[%emt 0:04:11] The position is equal.} Nh5 13. Nf5 Nhf4 14. d4 Qf6 15. Bc2 Re8 16. Kh2 {[%emt 0:05:12] [#]} Ne6 $146 ({Predecessor:} 16... Ne7 17. Bxf4 exf4 18. e5 dxe5 19. dxe5 Qe6 20. N3d4 Bxd4 21. Nxd4 Qb6 22. b4 Be6 {0-1 (44) Jotic,V (2363)-Karaklajic,N (2378) Subotica 1999}) 17. Be3 Ne7 18. Nxe7+ Rxe7 19. Qd2 Re8 20. Rad1 g5 21. Ng1 Nf4 22. g3 {[%emt 0:00:30] And now dxe5 would win.} Ng6 23. Rf1 Qg7 (23... exd4 $142 24. cxd4 c5) 24. f4 $1 $16 f6 (24... exd4 $142 25. cxd4 c5) 25. dxe5 $2 (25. fxg5 fxg5 26. Bb3+ Be6 $14) (25. Bb3+ $1 $18 Kh8 26. fxg5 hxg5 27. Rxf6 Qxf6 28. Bxg5) 25... Bxe3 26. Qxe3 dxe5 (26... gxf4 $2 27. gxf4 fxe5 28. Ne2 $18 (28. Bb3+ Be6 $16)) 27. Bb3+ Kh8 (27... Be6 $2 28. Bxe6+ Rxe6 29. f5 $18) 28. fxg5 hxg5 29. Rf2 a5 $1 30. Rfd2 {[%emt 0:13:22] &Bianco is much more active.} (30. Nf3 {is interesting.} a4 31. Bc4 Qh6 32. Kh1) 30... Nf8 31. Ba4 $36 {[%emt 0:01:32][%mdl 2048] White has some pressure.} c6 32. Rd6 (32. Nf3 {seems wilder.} Qh6 33. Rh1 Be6 34. Kg2) 32... Be6 33. Bb3 Bxb3 34. axb3 Qf7 {[%emt 0:00:22] [#]} 35. Ne2 (35. Nf3 $1 $16) 35... Kg7 $2 {[%emt 0:00:53] [#]} (35... Qxb3 36. Qf3 Nh7 37. Rd7 $16) (35... Ne6 $11 {and Black has nothing to worry.}) 36. g4 $1 $18 Ne6 37. Ng3 {[%emt 0:00:35] Threatens to win with Rd7.} Kh8 38. Qb6 {[%emt 0:03:04] Prevents Rad8.} Nf4 $2 (38... Rac8 39. Nh5 (39. Qxa5 Nf4 $16) (39. Rd7 Qf8 $16) 39... Rb8) 39. Nf5 a4 (39... Qh7 $2 40. h4 Ra6 41. Qf2 $18) (39... Rab8 $142 40. Rd7 Qg8 41. Qxa5 (41. Rxb7 Rxb7 42. Qxb7 Qh7 $16) 41... Ne6) 40. Rd7 Qg8 41. Rg7 Qxb3 42. Qxb3 axb3 43. Rdd7 {[%emt 0:00:03] Weighted Error Value: White=0.20 (precise) /Black=0.49} 1-0

[Event "RUDAR 2 IM 2022"]
[Site "Pozarevac"]
[Date "2022.04.08"]
[Round "8.4"]
[White "Savitha Shri B"]
[Black "Bryakin, Mikhail"]
[Result "0-1"]
[ECO "B19"]
[WhiteElo "2257"]
[BlackElo "2481"]
[Annotator "TA"]
[PlyCount "110"]
[EventDate "2022.03.27"]
[EventType "tourn"]
[EventCountry "SRB"]
[SourceTitle "playchess.com"]
[Source "ChessBase"]
[SourceQuality "1"]
[TimeControl "40/5400+30:900+30"]

1. e4 c6 2. d4 d5 3. Nc3 dxe4 4. Nxe4 Bf5 5. Ng3 Bg6 6. h4 h6 7. Nf3 Nd7 8. h5 Bh7 9. Bd3 Bxd3 10. Qxd3 e6 11. Bd2 Ngf6 12. O-O-O Be7 13. Kb1 c5 {[%emt 0:00:37] B19: Classical Caro-Kann: 4...Bf5 main line.} 14. Ne4 O-O 15. g4 Nxg4 {[%emt 0:06:27] ...f5 is the strong threat. The position is equal.} 16. Qe2 {[%emt 0:00:06][%cal Of3e5] Black should prevent Ne5!} f5 (16... Qb6 $11 {was preferrable.}) 17. Nc3 {[%emt 0:14:58] [#]} ({Better is} 17. Nxc5 $14 Nxc5 18. dxc5 Bxc5 19. Qxe6+ Rf7 20. Ne5 Nxe5 21. Qxe5) 17... Bf6 $146 ({Predecessor:} 17... Qb6 18. Ne5 Ngxe5 19. dxe5 Rad8 20. Bf4 Nb8 21. Rdg1 Kh8 22. Rg6 Rf7 23. Rhg1 Rd4 24. Qe3 Bf8 25. Qg3 Qb4 26. Rxh6+ Kg8 27. Qg6 Rfd7 28. Qh7+ Kf7 29. Rf6+ {1-0 (29) Shytaj,L (2490)-Tica,S (2417) Radenci 2019}) 18. Qxe6+ Kh8 19. Nd5 (19. Qxf5 $2 Nxf2 20. Qg6 Qe8 $19) (19. Be1 $14) 19... Bxd4 (19... Qe8 $11 20. Qxe8 (20. Qxf5 Nxf2 21. Nf4 Kg8 $11) 20... Raxe8) 20. c3 (20. Nxd4 cxd4 21. Nf4 Rf6 $11) (20. Be3 $14) 20... Nde5 $1 $11 (20... Bxf2 $2 21. Bxh6 $1 Nxh6 22. Ne7 $18) 21. cxd4 (21. Nxd4 $2 Re8 22. Qxf5 Qxd5 $19) (21. Nxe5 $11 {remains equal.} Bxe5 22. Be3) 21... Nxf3 $17 22. Be3 cxd4 23. Bxd4 Nxd4 24. Rxd4 Rf6 25. Qe2 Rd6 26. Rhd1 Rc8 27. a3 Nf6 28. Qe5 Nxd5 (28... Nxh5 $2 29. Ne7 (29. Qxf5 Qe8 $11) 29... Rxd4 30. Rxd4 $18) (28... Rc5 {[#]} 29. Nxf6 $1 Rxe5 30. Rxd6 Qxf6 31. Rxf6 gxf6 32. Rd8+ Kg7 33. Rd7+ Kf8 34. Rxb7 $14) 29. Rxd5 Rxd5 30. Rxd5 $11 {[%emt 0:00:10][%mdl 4096] Endgame KQR-KQR} Qc7 31. Qxf5 ({Much worse is} 31. Qxc7 Rxc7 32. Rxf5 g6 33. hxg6 Kg7 $17) 31... Qc1+ 32. Ka2 Qc4+ 33. Ka1 Re8 34. Rd1 {[%emt 0:00:02] Inhibits Re1.} (34. Qd7 {looks sharper.} Re2 35. Rd1 Qc2 36. Rb1) 34... Qe2 35. Rg1 Qe6 36. Qf4 b6 37. Qg3 Qe5 38. Qg4 (38. f4 $15 {is more appropriate.} Qd4 39. Qg4) 38... Rf8 $17 39. Rd1 Qf5 40. Qa4 (40. Qg6 $17) 40... Qxh5 $19 41. Rd7 (41. f4 $142) 41... a5 (41... Rxf2 $142 {Strongly threatening ...Rf1+.} 42. Qd4 Rf7) 42. Qc6 (42. Qd4 $142 Qg6 43. f4) 42... Rxf2 43. Qxb6 Qe2 {[%emt 0:03:26] Hoping for ...Rf1+.} 44. Rd4 Qe1+ 45. Ka2 Rf6 {[%emt 0:00:47] Against Qg6} ({Inferior is} 45... Rf1 46. Kb3) (45... Kh7 $19 {Threatens to win with ...Qe3.} 46. Rd6 Rf1) 46. Qd8+ $2 {[%emt 0:00:27] Loses the game.} (46. Rd6 $17) 46... Kh7 47. Qd5 $2 (47. Rd1 {is a better defense.} Qe2 48. Rh1) 47... Qe6 48. Qxe6 Rxe6 {[%emt 0:00:01] KR-KR} 49. Rd5 g5 50. Rxa5 g4 {[%emt 0:00:14] ( -> ...Rg6)} 51. Rd5 Rg6 {[%emt 0:01:07] Black mates.} 52. b4 g3 53. Rd1 g2 54. Rg1 h5 55. b5 h4 {[%emt 0:00:05] Weighted Error Value: White=0.66/Black=0.17 (very precise)} 0-1

[Event "RUDAR 2 IM 2022"]
[Site "Pozarevac"]
[Date "2022.04.09"]
[Round "9.1"]
[White "Anishka Vikram"]
[Black "Andreev, Konstantin"]
[Result "0-1"]
[ECO "E54"]
[WhiteElo "2000"]
[BlackElo "2238"]
[Annotator "TA"]
[PlyCount "109"]
[EventDate "2022.03.27"]
[EventType "tourn"]
[EventCountry "SRB"]
[SourceTitle "playchess.com"]
[Source "ChessBase"]
[SourceQuality "1"]
[TimeControl "40/5400+30:900+30"]

1. d4 Nf6 2. c4 e6 3. Nc3 Bb4 4. e3 O-O 5. Bd3 d5 6. Nf3 c5 7. O-O dxc4 8. Bxc4 cxd4 9. exd4 b6 10. Qe2 Bb7 11. Rd1 Bxc3 {[%emt 0:02:55] 11...h6 is the fancy move.} 12. bxc3 Nbd7 13. Ba3 {[%emt 0:10:09] E54: Nimzo-Indian: Rubinstein: Main Line: 7...dxc4 8 Bxc4.} Re8 14. Rac1 Qc7 15. Bb3 {[%emt 0:12:16] The position is equal.} Nh5 16. c4 Nf4 17. Qe3 Nf6 18. h3 {[%emt 0:06:53] [#] Inhibits Ng4.} Rac8 $146 {[%emt 0:11:05] [#]} (18... a6 $11) ({Predecessor:} 18... h6 19. Ba4 Red8 20. d5 exd5 21. cxd5 Qb8 22. d6 N6d5 23. Qd2 Rxd6 24. Bxd6 Qxd6 {1-0 (31) Sarkar,J (2383)-Gorti,A (2215) Manchester 2017}) 19. Ba4 $1 $16 Red8 (19... Bxf3 $16 20. Qxf3 Red8) 20. d5 $1 $18 exd5 21. cxd5 Qb8 22. Rxc8 Rxc8 23. d6 N6d5 (23... N4d5 24. Qe5 b5) 24. Qe1 (24. Qe5 $142) 24... Nc3 {[%emt 0:07:07] Strongly threatening ...Bxf3.} 25. d7 Nce2+ $2 (25... Nfe2+ 26. Kh1 Nxd1) 26. Kh1 (26. Kf1 $142) 26... Bxf3 (26... Rd8 $142) 27. gxf3 ({Not} 27. dxc8=B Bxg2+ 28. Kh2 Nd3+ 29. Kxg2 Nxe1+ 30. Rxe1 Qe5 $11) ({Less strong is} 27. dxc8=R+ Qxc8 28. Kh2 h6 $18) 27... Rd8 28. Bc6 {[%emt 0:22:33] Inhibits Qb7.} (28. Qd2 $18 b5 29. Bb3) 28... Qe5 $11 {[%emt 0:01:52] White must now prevent ...Qh5.} 29. Bd6 {[%emt 0:00:35] This bishop pair is nice.} Qe6 $40 {[%emt 0:00:11][%cal Re6h3][%mdl 128] Black attacks.} 30. Bxf4 Nxf4 {[%emt 0:00:16] Chess con chili.} 31. Qxe6 Nxe6 {[%emt 0:00:12][%mdl 4096] Endgame KRB-KRN} 32. Re1 Kf8 33. Kg2 ({White should try} 33. a4 $15) 33... Ke7 $17 34. Bb5 Kd6 35. Rd1+ {[%emt 0:00:13] [#]} Kc7 $1 36. Rc1+ Nc5 37. Re1 a6 ({Don't do} 37... Nxd7 38. Re7 $14) 38. Bc4 Rxd7 39. Re5 (39. Rc1 $17 {was necessary.}) 39... Kc6 $19 40. Re8 b5 41. Rc8+ (41. Bf1 {was called for.}) 41... Kb6 42. Bb3 (42. Bf1) 42... Nxb3 43. axb3 {[%emt 0:00:01] KR-KR} a5 44. Rb8+ Rb7 45. Ra8 Ra7 46. Rb8+ Kc5 47. Rc8+ Kb4 48. Rb8 Kxb3 49. Rxb5+ Kc4 50. Rb1 a4 {[%emt 0:00:05][%cal Ba5a4,Ba4a3,Ba3a2][%mdl 32] Black mates.} 51. Kf1 a3 52. Ke2 a2 53. Ra1 Kb3 54. Kd2 Kb2 55. Ke3 {[%emt 0:22:36] Never resign too early!  Weighted Error Value: White=0.93/Black=0.23 (precise)} 0-1

[Event "RUDAR 2 IM 2022"]
[Site "Pozarevac"]
[Date "2022.04.09"]
[Round "9.2"]
[White "Milanovic, Slavisa"]
[Black "Velikic, Adela"]
[Result "1-0"]
[ECO "E01"]
[WhiteElo "2296"]
[BlackElo "2258"]
[Annotator "TA"]
[PlyCount "117"]
[EventDate "2022.03.27"]
[EventType "tourn"]
[EventCountry "SRB"]
[SourceTitle "playchess.com"]
[Source "ChessBase"]
[SourceQuality "1"]
[TimeControl "40/5400+30:900+30"]

1. c4 c6 2. d4 d5 3. Nc3 dxc4 4. Nf3 b5 5. g3 e6 6. Bg2 Nf6 7. O-O Bb7 8. e4 Nbd7 9. a4 {[%emt 0:03:27] E01: Catalan: Early deviations.} b4 10. e5 bxc3 11. exf6 {[%emt 0:00:08] [#] The position is equal.} Nxf6 $146 ({Predecessor:} 11... cxb2 12. fxg7 Bxg7 13. Bxb2 c5 14. Qc2 Bxf3 15. Bxf3 Rb8 16. Rfd1 O-O 17. Ra2 cxd4 18. Bxd4 Qc7 19. Qc1 Rfc8 20. Rc2 Ne5 {½-½ (20) Splichal,S (2342)-Sykora,J (2357) ICCF email 2017}) 12. bxc3 c5 13. Ba3 (13. a5 $11 {remains equal.}) 13... Rc8 14. Qb1 Bd5 (14... Bxf3 $17 15. Bxf3 cxd4 16. Qb5+ Qd7 17. Bxf8 Kxf8 18. cxd4 g6 19. Qxd7 Nxd7) 15. Qb5+ (15. Ne5 $5 a6 16. Bxd5 Qxd5 17. Qb6 cxd4 18. Bxf8 Rxf8 19. cxd4 $11) 15... Nd7 16. Ne5 Rb8 17. Bxd5 Rxb5 $19 18. Bc6 {[%emt 0:00:05] [#]} Rb7 19. Bxb7 {[%emt 0:00:41] Bc6 is the strong threat.} Nxe5 (19... cxd4 $1 $19 20. Bc6 Bxa3 21. Rxa3 (21. Bxd7+ $2 Kf8 $19) 21... f6 $1 22. Nxd7 Qc7) 20. dxe5 $17 Qc7 {[%emt 0:00:17] Against Bc6+} 21. Ba6 {[%emt 0:01:30] [#]} (21. Rab1 $17) 21... Be7 $1 $19 ({Inferior is} 21... Qxe5 22. Rfe1 Qxc3 23. Bb5+ Kd8 24. Rad1+ Kc8 25. Re3 $17) 22. Bb5+ Kf8 23. f4 (23. Rfe1 {keeps fighting.}) 23... g5 ({And not} 23... Qa5 24. Bb2 $17) 24. Rae1 gxf4 25. Rxf4 Rg8 26. Bxc4 Bg5 27. Rf3 Ke7 (27... Kg7 $19 {and Black stays clearly on top. And now ...Rd8 would win.} 28. Bf1 Rd8) 28. Bb5 $17 Rd8 29. Ref1 Kf8 (29... f5 $15 30. exf6+ Kf7) 30. Rxf7+ $11 Qxf7 31. Bxc5+ Be7 $1 32. Rxf7+ Kxf7 33. Bxa7 {[%emt 0:00:08][%mdl 4096] Endgame KRB-KB. A strong pair of Bishops.} Rd5 34. Bb8 Rd2 35. Ba7 {[%emt 0:00:49] Inhibits Bc5+.} Rd5 36. Bb8 Bc5+ 37. Kg2 Rd2+ 38. Kf3 Rxh2 39. a5 Rb2 40. c4 h5 41. Bc7 Rf2+ 42. Ke4 Re2+ 43. Kf4 {[%emt 0:00:30] Hoping for Bd6.} Rf2+ 44. Ke4 {[%emt 0:02:47] Threatens to win with Bd6.} Re2+ 45. Kf4 {[%emt 0:00:35] aiming for Bd6.} Rf2+ 46. Kg5 Rf5+ 47. Kh4 Be7+ ({Black should try} 47... Kg6 $1 $14) 48. Kh3 $18 {[%emt 0:00:09] Strongly threatening Bb6.} Rf3 $2 (48... Bc5 49. Bd6 Bg1) 49. Kg2 Ra3 (49... Rd3 50. Bb6 Bd8) 50. Bb6 {[%emt 0:00:06] Black must now prevent a6.} Bb4 (50... Bg5 $142 51. a6 Be3) 51. a6 Bc3 52. a7 Bxe5 53. Bc6 Ra2+ 54. Kh3 Bc7 55. Bg1 Ra3 56. a8=Q Rxg3+ 57. Kh4 {[%emt 0:00:19] White mates.} Rxg1 58. Qa7 Rg4+ 59. Kxh5 {[%emt 0:00:12] Never resign too early!  Weighted Error Value: White=0.25 (precise) /Black=0.51} 1-0

[Event "RUDAR 2 IM 2022"]
[Site "Pozarevac"]
[Date "2022.04.09"]
[Round "9.3"]
[White "Dudukovic, Nikola"]
[Black "Savitha Shri B"]
[Result "1-0"]
[ECO "A62"]
[WhiteElo "2362"]
[BlackElo "2257"]
[Annotator "TA"]
[PlyCount "79"]
[EventDate "2022.03.27"]
[EventType "tourn"]
[EventCountry "SRB"]
[SourceTitle "playchess.com"]
[Source "ChessBase"]
[SourceQuality "1"]
[TimeControl "40/5400+30:900+30"]

1. d4 Nf6 2. Nf3 g6 3. g3 Bg7 4. Bg2 c5 5. d5 d6 6. O-O e6 7. c4 exd5 8. cxd5 O-O 9. Nc3 Na6 10. e4 Nc7 {[%emt 0:03:21] A62: Modern Benoni: Fianchetto Variation without early ...Nbd7.} 11. a4 a6 12. Bf4 Re8 {[%emt 0:12:33] White is slightly better.} 13. Re1 Nh5 (13... Bg4 $14) 14. Bg5 $16 f6 {[%emt 0:01:08] [#]} 15. Be3 Bd7 16. Nd2 $36 {[%emt 0:00:00][%mdl 2048] aiming for g4. Keeping Black busy.} Bf8 {[%emt 0:00:18] [#]} 17. a5 $146 ({Predecessor:} 17. Nc4 b5 18. Na5 Qc8 19. Nc6 b4 20. Nb1 Ne6 21. Na5 Nd8 22. Nc4 Rb8 23. Nbd2 {1-0 (42) Filip,M-Barendregt,J Marianske Lazne 1961}) 17... Bb5 18. f4 Ng7 19. Nf3 Bd7 20. Bf2 Nb5 21. Na4 Qc7 22. Nb6 Rad8 23. h3 Re7 24. Nc4 Bc8 (24... Qc8 $142) 25. Rc1 $18 Rde8 26. e5 fxe5 27. fxe5 Qd8 28. g4 Rf7 29. e6 Rc7 30. b4 Be7 $2 {[%emt 0:01:57] [#]} (30... cxb4 31. Bb6 Nc3) 31. bxc5 {[%emt 0:00:00] White is clearly winning.} dxc5 32. Bg3 Nd6 33. Nfd2 Rf8 34. Nxd6 Bxd6 35. Bxd6 Qxd6 36. Ne4 Qf4 37. d6 Rc6 38. e7 {[%emt 0:00:51] Active counter play!} Re8 39. Rf1 Qe3+ 40. Kh1 {[%emt 0:00:00] White took control after the opening.  Weighted Error Value: White=0.09 (flawless) /Black=0.40} 1-0

[Event "RUDAR 2 IM 2022"]
[Site "Pozarevac"]
[Date "2022.04.09"]
[Round "9.4"]
[White "Bryakin, Mikhail"]
[Black "Rajkovic, Aleksandar"]
[Result "1-0"]
[ECO "A92"]
[WhiteElo "2481"]
[BlackElo "2181"]
[Annotator "TA"]
[PlyCount "63"]
[EventDate "2022.03.27"]
[EventType "tourn"]
[EventCountry "SRB"]
[SourceTitle "playchess.com"]
[Source "ChessBase"]
[SourceQuality "1"]
[TimeControl "40/5400+30:900+30"]

1. d4 d5 2. Nf3 Nf6 3. c4 e6 4. g3 Ne4 5. Bg2 f5 6. O-O Be7 7. Qc2 c6 8. Nbd2 O-O 9. Rd1 {[%emt 0:00:37] [#] A92: Classical Dutch: Classical Stonewall (with ...Be7): Early deviations.} Bd7 $146 ({Predecessor:} 9... Nd7 10. Ne1 h5 11. Nd3 Bd6 12. f3 Nef6 13. Nf1 Qe8 14. Nf2 h4 15. cxd5 exd5 {½-½ (51) Gholami Orimi,M (2430)-Theekshana,H (2045) Tornelo INT 2021}) 10. Ne5 Nxd2 11. Bxd2 {[%emt 0:00:34] White is slightly better.} Be8 12. Rac1 Nd7 13. Bf4 g5 14. Nxd7 Qxd7 15. Be5 Bg6 16. Qd2 a5 17. c5 h6 18. Rc3 Rae8 19. Ra3 b6 (19... Bd8 $16 {keeps fighting.}) 20. cxb6 $18 Bxa3 21. bxa3 Ra8 22. Rc1 ({Better is} 22. h4 $18) 22... Qb7 $16 23. Bc7 {[%emt 0:01:45] &Bianco is much more active. A strong pair of Bishops.} Rfc8 (23... Ra6 $16 {was worth a try.}) 24. h4 $18 Rxc7 25. bxc7 Qxc7 26. hxg5 hxg5 27. Qxg5 Kf7 28. Bf3 Rg8 29. e3 Qe7 30. Qxe7+ Kxe7 31. Rxc6 Ra8 $2 {[%emt 0:00:39] [#]} (31... Bf7 {is a better defense.} 32. Ra6 Rb8 33. Rxa5 Be8) 32. Bxd5 $1 {[%emt 0:00:31][%mdl 512] Weighted Error Value: White=0.08 (flawless) /Black=0.32} 1-0